 Dungeon Crawl Stone Soup version 0.31-a0-246-g8cbcc1cb85 (webtiles) character file.

Game seed: 4388565534085970879

11248 mobinator the Basher (level 11, -8/99 HPs)
             Began as a Minotaur Berserker on July 13, 2023.
             Was a High Priest of Trog.
             Mangled by a basilisk (12 damage)
             ... on level 1 of the Lair of Beasts.
             The game lasted 00:22:10 (11528 turns).

mobinator the Basher (Minotaur Berserker)          Turns: 11528, Time: 00:22:11

Health: -8/99      AC: 14    Str: 25 (27) XL:     11   Next: 46%
Magic:  10/10      EV: 27    Int:  5 (8)  God:    Trog [*****.]
Gold:   721        SH:  9    Dex:  8 (9)  Spells: 10/10 levels left

rFire   + . .        E - +5 flail
rCold   x . .        w - +0 kite shield
rNeg    . . .        j - +6 ring mail of the Usurping Gods {Int+4}
rPois   .            (helmet restricted)
rElec   .            p - +0 cloak
rCorr   .            (no gloves)
SInv    .            (no boots)
Will    .....        b - amulet of the acrobat
Stlth   x              - ring of fire
HPRegen 0.36/turn    (no ring)
MPRegen 0.12/turn

%: acrobat
@: on berserk cooldown, acrobatic, slowed, studying Short Blades, very slow
A: horns 2, retaliatory headbutt
a: Renounce Religion, Berserk, Trog's Hand, Brothers in Arms


You were on level 1 of the Lair of Beasts.
You worshipped Trog.
Trog was extremely pleased with you.
You visited 2 branches of the dungeon, and saw 12 of its levels.

You collected 721 gold pieces.

Inventory:

Hand Weapons
 a - a +0 mace
 D - a +2 flail of freezing
 E - a +5 flail (weapon)
 F - a +2 mace of venom
 K - a +0 morningstar
Armour
 j - the +6 ring mail of the Usurping Gods (worn) {Int+4}
   (You found it on level 2 of the Dungeon)

   Int:       It affects your intelligence (+4).
 p - a +0 cloak (worn)
 v - +0 ice dragon scales
 w - a +0 kite shield (worn)
Jewellery
 b - an amulet of the acrobat (around neck)
 e - a ring of poison resistance
 x - a ring of fire (left hand)
Wands
 y - a wand of paralysis (18)
 H - a wand of polymorph (12)
 N - a wand of flame (12)
Scrolls
 c - 2 scrolls of silence {unknown}
 f - a scroll of torment
 g - 3 scrolls of poison
 k - 2 scrolls of immolation
 m - 2 scrolls of fog {unknown}
 o - 3 scrolls of identify
 q - 2 scrolls of enchant weapon {unknown}
 r - 7 scrolls of teleportation
 t - a scroll of summoning {unknown}
 z - a scroll of fear {unknown}
 B - 2 scrolls of vulnerability {unknown}
 J - 2 scrolls of amnesia {unknown}
 M - a scroll of brand weapon {unknown}
 O - a scroll of revelation {unknown}
Potions
 d - 2 potions of attraction {unknown}
 h - a potion of berserk rage {unknown}
 i - 2 potions of enlightenment
 l - a potion of haste {unknown}
 n - 2 potions of curing {unknown}
 s - 2 potions of heal wounds {unknown}
 u - a potion of resistance {unknown}
 A - a potion of cancellation {unknown}
 C - a potion of ambrosia {unknown}
 G - 5 potions of degeneration
 I - a potion of mutation {unknown}
 L - a potion of might {unknown}


   Skills:
 + Level 9.9 Fighting
 * Level 13.4 Maces & Flails
 + Level 9.6 Armour
 + Level 8.6 Dodging
 + Level 7.6 Shields


You had 10 spell levels left.
You didn't know any spells.
Your spell library was empty.

Dungeon Overview and Level Annotations

Branches:
Dungeon (11/15)            Temple (0/1) D:7            Lair (1/5) D:11
    Orc (0/2) D:11

Altars:
Ashenzari
Cheibriados
Elyvilon
Nemelex Xobeh
Okawaru
Qazlal
Sif Muna
Trog
Uskayaw
Wu Jian
Yredelemnul


Innate Abilities, Weirdness & Mutations

You have a pair of horns on your head.
You reflexively headbutt those who attack you in melee.


Message History

* * * LOW HITPOINT WARNING * * *
The basilisk bites you but does no damage.
The yak gores you!
* * * LOW HITPOINT WARNING * * *
The yak gores you.
* * * LOW HITPOINT WARNING * * *
The basilisk bites you.
* * * LOW HITPOINT WARNING * * *
The yak gores you but does no damage. The yak gores you but does no damage.
The basilisk bites you but does no damage.
The yak gores you but does no damage.
You turn to flesh and can move again.
You block the yak's attack. The yak barely misses you. You furiously retaliate!
You headbutt the yak. The yak attacks as you move away! The yak misses you.
You furiously retaliate!
You headbutt the yak. You block the yak's attack.
The yak attacks as you move away! You block the yak's attack.
The yak barely misses you. The yak attacks as you move away! The yak gores you.
* * * LOW HITPOINT WARNING * * *
The yak attacks as you move away! The yak completely misses you.
The yak attacks as you move away! The yak misses you.
You block the yak's attack.
You see here a polar bear corpse.
It was a potion of degeneration.
There was something very wrong with that liquid.
You feel weakened.
You feel dopey.
You feel clumsy.
You hear the loud beating of a very distant drum.
You block the yak's attack.
The basilisk bites you but does no damage.
The yak gores you but does no damage. The yak attacks as you move away!
You block the yak's attack. The basilisk attacks as you move away!
You block the basilisk's attack. The yak attacks as you move away!
The yak gores you but does no damage. The yak closely misses you.
You furiously retaliate!
You headbutt the yak! The basilisk gazes at you. You resist with some effort.
The basilisk attacks as you move away! The basilisk bites you!
You die...

#... ....#.##.#.##...
....>............
#####............
#P............
#.....##.#.#..
##....######..
#......# #.....##
##@...## #Yl...# ..
### #Y...##
...######.###†....#
.................#.#
.....................
......#.##....########
..#..#...###..#
#....††..##.#


You could see 2 yaks and a basilisk.

Vanquished Creatures
  A two-headed ogre (D:9)
  3 death yaks (D:11)
  A cyclops (D:10)
  A torpor snail (Lair:1)
  Maggie (D:7)
  A gargoyle (D:10)
  A komodo dragon (Lair:1)
  A troll (D:11)
  A hornet (D:8)
  A polar bear (Lair:1)
  2 wraiths
  6 yaks
  A shadow (D:10)
  3 vampire mosquitoes (D:10)
  3 steam dragons
  Menkaure (D:7)
  3 acid dragons
  3 orc warriors
  A black bear (D:6)
  An ice beast (D:6)
  A sky beast (D:6)
  2 ogres (D:7)
  7 centaurs
  2 kobold brigands
  A bullfrog (Lair:1)
  A gnoll sergeant (D:9)
  21 wights
  19 killer bees
  2 howler monkeys (D:8)
  A jelly (D:6)
  4 orc priests
  3 hounds
  A gnoll bouda (D:5)
  A sleepcap (D:8)
  4 iguanas
  5 orc wizards
  A mummy (D:4)
  11 gnolls
  7 adders
  A white imp (D:8)
  An ufetubus (D:6)
  3 worms
  3 dart slugs
  32 orcs
  8 endoplasms
  2 giant cockroaches
  12 goblins
  7 hobgoblins
  4 jackals (D:1)
  5 quokkas
  8 ball pythons
  6 bats
  A frilled lizard (D:2)
  21 kobolds
  7 rats
251 creatures vanquished.

Vanquished Creatures (others)
  2 orcs (D:8)
2 creatures vanquished.

Grand Total: 253 creatures vanquished

Notes
Turn   | Place    | Note
-------+----------+-------------------------------------------
     0 | D:1      | mobinator the Minotaur Berserker began the quest for the
                  | Orb.
     0 | D:1      | Reached XP level 1. HP: 19/19 MP: 0/0
   112 | D:1      | Reached XP level 2. HP: 25/27 MP: 1/1
   171 | D:1      | Reached skill level 4 in Maces & Flails
   216 | D:1      | Found a faded altar of an unknown god.
   511 | D:1      | Reached ** piety under Trog
   818 | D:1      | Reached XP level 3. HP: 31/33 MP: 2/2
   965 | D:2      | Identified the +3 falchion of the Singing Genius {speed,
                  | Drain rF+ Str+8 Int-3}
  1130 | D:2      | Identified the +6 ring mail of the Usurping Gods {Int+4}
  1234 | D:2      | Reached XP level 4. HP: 24/40 MP: 3/3
  1973 | D:3      | Reached skill level 5 in Maces & Flails
  1999 | D:3      | Reached *** piety under Trog
  2134 | D:3      | Reached XP level 5. HP: 47/47 MP: 4/4
  2300 | D:3      | You fall into a shaft and drop 3 floors!
  2475 | D:6      | Found a shimmering blue altar of Sif Muna.
  2516 | D:6      | Noticed a sky beast
  2537 | D:6      | Killed a sky beast
  2538 | D:6      | Reached skill level 5 in Fighting
  2538 | D:6      | Reached skill level 6 in Maces & Flails
  2538 | D:6      | Reached XP level 6. HP: 24/56 MP: 5/5
  2738 | D:6      | Noticed an ice beast
  2746 | D:6      | Killed an ice beast
  2830 | D:6      | Noticed an orc warrior
  2835 | D:6      | Reached XP level 7. HP: 61/61 MP: 6/6
  2845 | D:6      | Reached skill level 7 in Maces & Flails
  3706 | D:5      | Entered Level 5 of the Dungeon
  4099 | D:5      | Reached skill level 5 in Armour
  4919 | D:7      | Reached skill level 1 in Shields
  4923 | D:7      | Reached skill level 5 in Dodging
  4923 | D:7      | Reached XP level 8. HP: 49/68 MP: 7/7
  4935 | D:7      | Reached skill level 8 in Maces & Flails
  5153 | D:7      | Noticed Menkaure
  5158 | D:7      | Killed Menkaure
  5285 | D:7      | Noticed Maggie
  5300 | D:7      | Killed Maggie
  5300 | D:7      | Reached **** piety under Trog
  5306 | D:7      | Reached skill level 9 in Maces & Flails
  5318 | D:7      | Reached XP level 9. HP: 18/79 MP: 8/8
  5632 | D:7      | Found a bloodstained altar of Trog.
  5742 | D:7      | Found a staircase to the Ecumenical Temple.
  6027 | D:4      | Found a snail-covered altar of Cheibriados.
  6158 | D:4      | Found a stormy altar of Qazlal.
  6302 | D:4      | Found a faded altar of an unknown god.
  6302 | D:4      | Found a basalt altar of Yredelemnul.
  6314 | D:4      | Found a white marble altar of Elyvilon.
  6316 | D:4      | Found an iron altar of Okawaru.
  6318 | D:4      | Found an ornate altar of the Wu Jian Council.
  6939 | D:8      | Reached skill level 10 in Maces & Flails
  6948 | D:8      | Reached ***** piety under Trog
  7581 | D:8      | Reached skill level 5 in Shields
  8095 | D:9      | Reached skill level 11 in Maces & Flails
  8105 | D:9      | Reached XP level 10. HP: 81/87 MP: 9/9
  8358 | D:9      | Noticed a two-headed ogre
  8367 | D:9      | Killed a two-headed ogre
  8370 | D:9      | Identified the +2 long sword "Grim" {freeze, rElec rPois
                  | rF+ rC- Str-2}
  8729 | D:10     | Entered Level 10 of the Dungeon
  8808 | D:10     | Reached skill level 12 in Maces & Flails
  8818 | D:10     | Found a broken altar of Ashenzari.
  9025 | D:10     | Found a sparkling altar of Nemelex Xobeh.
  9098 | D:10     | Noticed a gargoyle
  9108 | D:10     | Killed a gargoyle
  9506 | D:10     | Noticed a cyclops
  9514 | D:10     | Killed a cyclops
  9866 | D:11     | Noticed a death yak
  9866 | D:11     | Noticed a death yak
  9868 | D:11     | Found a staircase to the Lair.
  9868 | D:11     | Noticed a death yak
  9878 | D:11     | Killed a death yak
  9879 | D:11     | Reached XP level 11. HP: 61/97 MP: 10/10
  9887 | D:11     | Killed a death yak
  9891 | D:11     | Killed a death yak
 10143 | D:11     | Reached skill level 13 in Maces & Flails
 10502 | D:11     | Found a staircase to the Orcish Mines.
 10531 | D:11     | Found a hide-covered altar of Uskayaw.
 11428 | Lair:1   | Entered Level 1 of the Lair of Beasts
 11515 | Lair:1   | HP: 3/99 [yak[a torpor snail] (2)]
 11522 | Lair:1   | HP: 1/99 [yak[a torpor snail] (4)]
 11528 | Lair:1   | Mangled by a basilisk

Illustrated notes

Levels and vault maps discovered:
D:1:      minmay_arrival_stair_chambers, layout_loops_ring,
          dreamdust_ecumenical_altar_grove, chequers_decorated_corner,
          kennysheep_decorative_pillar, corexii_item_surrounded_by_moat,
          roderic_roman_lattice
D:2:      layout_basic
D:3:      kennysheep_big_flooded_room, layout_loops_ring
D:4:      layout_gridville, slow_altar_2, nicolae_qazlal_eye_of_the_storm,
          chequers_temple_overflow_minitemple, minmay_cut_off
D:5:      layout_loops_corners, nicolae_sextant
D:6:      layout_loops_corners, tgw_sif
D:7:      layout_basic, kennysheep_little_box,
          minmay_temple_entry_drinking_statues, nicolae_figureground_pulse,
          uniq_maggie, uniq_menkaure
D:8:      layout_loops_ring
D:9:      layout_irregular_city, corexii_hall_statues_x
D:10:     layout_long_grid, evilmike_ruin_ashenzari,
          nicolae_overflow_crystal_walls
D:11:     layout_grid_maze, dpeg_lair_monsters, orc_0_dummy,
          nicolae_uskayaw_dance_studio
Lair:1:   layout_chaotic_city, gauntlet_entry_generic,
          dreamdust_deal_with_the_devil, grunt_megastairs_3, uniq_harold

Skill      XL: |  1  2  3  4  5  6  7  8  9 10 11 |
---------------+----------------------------------+-----
Maces & Flails | 4 5 6 7 9 11 12 13 | 13.4
Fighting       | 4 5 6 7 8 9 |  9.9
Armour         | 3 4 5 6 7 9 |  9.6
Dodging        | 3 4 5 7 8 |  8.6
Shields        | 1 3 5 6 7 |  7.6

Action                     |  1- 3 |  4- 6 |  7- 9 | 10-12 || total
---------------------------+-------+-------+-------+-------++-------
  Melee: Mace              |    85 |   119 |    99 |       ||   303
         Headbutt          |    12 |    11 |    48 |    39 ||   110
         Punch             |     1 |     2 |     1 |       ||     4
         Flail             |       |       |   156 |   202 ||   358
 Invoke: Berserk           |       |       |     3 |     4 ||     7
    Use: Scroll            |       |     1 |     2 |     3 ||     6
         Potion            |       |       |       |     1 ||     1
 Armour: Animal skin       |     3 |       |       |       ||     3
         Leather armour    |     4 |       |       |       ||     4
         Ring mail         |    15 |    75 |    81 |    85 ||   256
  Dodge: Dodged            |    51 |    65 |   127 |   147 ||   390
  Block: Kite shield       |       |       |    76 |   128 ||   204

Table legend: (Time is in decaauts)
 A = Elapsed time spent in this place.
 B = Non-inter-level travel time spent in this place.
 C = Inter-level travel time spent in this place.
 D = Time resting spent in this place.
 E = Time spent auto-exploring this place.
 F = Levels seen in this place.
 G = Mean time per level.
                   A        B        C        D        E       F      G
               +--------+--------+--------+--------+--------+-----+--------+
         Total |  11604 |  10975 |    629 |   1924 |   7332 |  12 |  967.0 |
       Dungeon |  11499 |  10870 |    629 |   1924 |   7298 |  11 | 1045.4 |
          Lair |    104 |    104 |      0 |      0 |     34 |   1 |  104.0 |
               +--------+--------+--------+--------+--------+-----+--------+

Top non-repeatable levels by time:
    D:11: 1619 daAuts
     D:6: 1522 daAuts
     D:5: 1158 daAuts
     D:7: 1127 daAuts
    D:10: 1080 daAuts
     D:8: 1068 daAuts
     D:2: 1035 daAuts
     D:1: 907 daAuts
     D:9: 766 daAuts
     D:3: 740 daAuts
     D:4: 471 daAuts
  Lair:1: 104 daAuts
